[Event "*** Titled Tuesday 3|2 Blitz"]
[Site "Chess.com"]
[Date "2016.07.05"]
[Round "9"]
[White "Danhy"]
[Black "Cayse"]
[Result "0-1"]
[WhiteElo "2421"]
[BlackElo "2579"]
[TimeControl "180+2"]
[EndTime "18:50:37 PDT"]
[Termination "Cayse won by checkmate"]

1. c4 c6 2. g3 d5 3. Nf3 g6 4.
Bg2 Nf6 5. b3 Bg7 6. Bb2 O-O 7. O-O a5 8. d3 a4 9. Nbd2 Na6 10.
Bc3 Re8 11. b4 Nc7 12. Qc2 Bg4 13. Rfe1 Qc8 14. a3 Bh3 15. Rac1 Bxg2 16. Kxg2 Rd8 17. Be5 Ne6 18. cxd5 Nxd5 19. Bxg7 Nxg7 20. Nc4 Ra6 21. e4 Nc7 22. d4 Nb5 23. Qb2 Qe6 24. Na5 Nh5 25.
Nxb7 Qg4 26. Ng1 Rxd4 27. f3 Qd7 28. Nc5 Rd2+ 29. Kf1 Rxb2 30. Nxd7 Rxh2 31. Ne5 Nxg3# 0-1

[Event "*** Titled Tuesday 3|2 Blitz"]
[Site "Chess.com"]
[Date "2016.07.05"]
[Round "9"]
[White "SwiftyMcBishop"]
[Black "MFBerna"]
[Result "0-1"]
[WhiteElo "2068"]
[BlackElo "2268"]
[TimeControl "180+2"]
[EndTime "18:51:18 PDT"]
[Termination "MFBerna won by resignation"]

1. e4 c6 2. d4 d5 3. exd5 cxd5 4. Bd3 Nf6 5. h3 g6 6. c3 Bg7 7. Nf3 Nc6 8. O-O O-O 9. Nbd2 Bf5 10. Bxf5 gxf5 11. Nh4 e6 12. Ndf3 Ne4 13. g4 fxg4 14.
hxg4 Ne7 15. Ng5 Ng6 16. Nxg6 hxg6 17. Nxe4 dxe4 18. Bf4 Qh4 19. Bg3 Qh3 20. f3 Qxg3+ 21. Kh1 Be5 22. dxe5 Kg7 23. Qe2 Rh8+ 0-1

[Event "*** Titled Tuesday 3|2 Blitz"]
[Site "Chess.com"]
[Date "2016.07.05"]
[Round "9"]
[White "Indianlad"]
[Black "Newlight1"]
[Result "1-0"]
[WhiteElo "2566"]
[BlackElo "2290"]
[TimeControl "180+2"]
[EndTime "18:51:40 PDT"]
[Termination "Indianlad won by resignation"]

1. d4 Nf6 2. Bg5 d5 3. e3 c5 4. dxc5 Nc6 5. Nc3 e6 6. Nf3 Bxc5 7. Bd3 h6 8. Bh4 O-O 9. O-O a6 10. e4 dxe4 11. Bxf6 Qxf6 12. Nxe4 Qe7 13. Nxc5 Qxc5 14. Qe2 Nb4 15. Bc4 b5 16. Bb3 Bb7 17. Rfd1 Rad8 18. Qe5 Qxe5 19. Nxe5 Bd5 20. c3 Bxb3 21. axb3 Rxd1+ 22.
Rxd1 Nd5 23. Ra1 Ra8 24. b4 Nb6 25. Kf1 Na4 26. Nd3 Rd8 27. Ke2 f6 28. Ra2 e5 29.
Nc5 Nxc5 30. bxc5 Rc8 31. b4 Rc6 32. Kd3 Kf7 33. c4 bxc4+ 34. Kxc4 Ke6 35. b5 axb5+ 36.
Kxb5 Rc8 37. c6 Rb8+ 38. Kc5 Rb1 39. Rd2 Rc1+ 40. Kb6 Rb1+ 41. Ka7 Rc1 42. Kb7 Rb1+ 43. Kc8 g5 44. c7 Rb3 45. Kd8 Rc3 46. c8=Q+ Rxc8+ 47.
Kxc8 Kf5 48. Kc7 Ke6 49. Kc6 Kf5 50. Kd5 Kg6 51. Ke6 e4 52. Rd5 f5 53. Rxf5 e3 54.
fxe3 Kh5 55. Rf6 Kg4 1-0

[Event "*** Titled Tuesday 3|2 Blitz"]
[Site "Chess.com"]
[Date "2016.07.05"]
[Round "9"]
[White "wonderfultime"]
[Black "AlexanderL"]
[Result "1-0"]
[WhiteElo "2666"]
[BlackElo "2554"]
[TimeControl "180+2"]
[EndTime "18:51:49 PDT"]
[Termination "wonderfultime won by resignation"]

1. d4 e6 2. c4 b6 3. a3 Bb7 4. Nc3 f5 5. d5 Nf6 6. g3 Bd6 7. Bg2 O-O 8. Nf3 Na6 9. O-O Nc5 10. Nd4 Be5 11. e3 Nfe4 12. Nxe4 fxe4 13. b4 Bxd4 14.
exd4 Nd3 15. Bxe4 Nxc1 16. Rxc1 Qf6 17. Qd3 exd5 18. cxd5 Qd6 19. Bxh7+ Kh8 20. Be4 Rae8 21. Bg2 Re7 22. Rfe1 Rxe1+ 23. Rxe1 Bxd5 24. Re5 Bf7 25. Qe3 Kg8 26. h4 Qf6 27. Be4 d6 28. Rf5 Qe7 29. Qf3 g6 30. Rxf7 Rxf7 31. Bd5 Kg7 32. Qxf7+ Qxf7 33.
Bxf7 Kxf7 34. d5 Kf6 35. g4 Ke5 36. h5 gxh5 37. gxh5 Kf6 38. f4 Kg7 39. Kf2 Kh6 40.
b5 Kxh5 41. Kg3 Kg6 42. Kg4 Kf6 43. f5 Ke5 44. Kg5 1-0

[Event "*** Titled Tuesday 3|2 Blitz"]
[Site "Chess.com"]
[Date "2016.07.05"]
[Round "9"]
[White "saraswathii"]
[Black "chessking2151"]
[Result "1-0"]
[WhiteElo "2093"]
[BlackElo "2322"]
[TimeControl "180+2"]
[EndTime "18:52:02 PDT"]
[Termination "saraswathii won by resignation"]

1. e4 e5 2. d3 Nc6 3. Nf3 Nf6 4. g3 Be7 5. Bg2 d6 6. O-O O-O 7. c3 a6 8. h3 b5 9. Qe2 Re8 10. a4 Rb8 11. axb5 axb5 12. Na3 h6 13. Nc2 Be6 14. Nh4 Bb3 15. Ne3 Nd7 16. Nhf5 Bf8 17. Qg4 Kh8 18.
f4 g6 19. Nh4 Nf6 20. Qe2 Nh5 21. Qf2 Be7 22. Nd5 exf4 23. Nxe7 fxg3 24. Nexg6+ fxg6 25. Nxg6+ Kh7 26. Qf5 Kg7 27. Qxh5 Bf7 28. Qxh6+ 1-0

[Event "*** Titled Tuesday 3|2 Blitz"]
[Site "Chess.com"]
[Date "2016.07.05"]
[Round "9"]
[White "JusticeBot"]
[Black "dawtonlms"]
[Result "1-0"]
[WhiteElo "2550"]
[BlackElo "2181"]
[TimeControl "180+2"]
[EndTime "18:52:09 PDT"]
[Termination "JusticeBot won by resignation"]

1. e4 c5 2. c3 e6 3. Nf3 d5 4. exd5 Qxd5 5. d4 Nf6 6. Bd3 Nc6 7. O-O Be7 8. Be3 cxd4 9. cxd4 O-O 10. Nc3 Qd8 11.
Ne5 Nb4 12. Bb1 Nbd5 13. Qf3 b6 14.
Nc6 Qc7 15. Nxe7+ Qxe7 16. Bg5 Bb7 17. Qd3 Nxc3 18. Bxf6 Ne2+ 19. Kh1 Bxg2+ 20. Kxg2 Nf4+ 21. Kg1 Nxd3 22. Bxe7 Rfe8 23. Bxd3 Rxe7 24. Rfd1 Rd8 25. Bb5 g6 26. Rac1 Kg7 27. Bc6 Kf6 28. d5 exd5 29. Rxd5 Rxd5 30. Bxd5 Ke5 31. Bf3 Rd7 32. Kg2 f5 33.
Re1+ Kf4 34. Re2 g5 35. h3 g4 36. hxg4 fxg4 37. Re4+ Kf5 38. Bxg4+ Kxe4 39. Bxd7 Kd3 40. Bf5+ 1-0

[Event "*** Titled Tuesday 3|2 Blitz"]
[Site "Chess.com"]
[Date "2016.07.05"]
[Round "9"]
[White "LonesomeGeorge1"]
[Black "rithwik2002"]
[Result "0-1"]
[WhiteElo "2270"]
[BlackElo "2019"]
[TimeControl "180+2"]
[EndTime "18:52:25 PDT"]
[Termination "rithwik2002 won by resignation"]

1. e4 e5 2. Nf3 Nc6 3. Bb5 a6 4. Ba4 Nf6 5. Qe2 b5 6. Bb3 Be7 7. c3 d5 8. d3 O-O 9. O-O Re8 10.
Bg5 Na5 11. Bxf6 Bxf6 12. Bxd5 c6 13. Bb3 Nxb3 14. axb3 c5 15. Nbd2 Qd7 16. Rfd1 Bb7 17.
Nf1 Red8 18. Ne3 Qe6 19. c4 bxc4 20. bxc4 Rab8 21. Nd5 Bxd5 22. cxd5 Qb6 23. Ra2 Qb3 24. Rda1 Rd6 25. Nd2 Qc2 26. Rxa6 Rxa6 27. Rxa6 Bg5 28. d4 Bxd2 29. dxc5 g6 30. c6 Rxb2 31. g3 Rb1+ 32. Kg2 Re1 33. Qb5 Qxe4+ 34. Kh3 Rg1 35.
f4 Qf5+ 0-1

[Event "*** Titled Tuesday 3|2 Blitz"]
[Site "Chess.com"]
[Date "2016.07.05"]
[Round "9"]
[White "Izoria123"]
[Black "E-Shaposhnikov"]
[Result "0-1"]
[WhiteElo "2606"]
[BlackElo "2690"]
[TimeControl "180+2"]
[EndTime "18:52:48 PDT"]
[Termination "E-Shaposhnikov won by checkmate"]

1. e4 c5 2. Nf3 e6 3. d4 cxd4 4. Nxd4 a6 5. Bd3 Ne7 6. O-O Nbc6 7. Be3 Nxd4 8. Bxd4 Nc6 9. Be3 Qc7 10. c4 Ne5 11. Nc3 Bc5 12. Bxc5 Qxc5 13. Na4 Qa5 14.
Be2 b5 15. cxb5 axb5 16. Nc5 Qb4 17. Qd6 Nc4 18. Bxc4 bxc4 19. Rad1 Ra5 20. Qd4 Qxc5 21. Qxg7 Qe5 22. Qh6 Bb7 23. Rfe1 Qg5 24. Qh3 Rxa2 25. Qc3 Rg8 26. g3 Qb5 27. Rd6 Qxb2 28. Qe3 Ra1 29.
Rxa1 Qxa1+ 30. Kg2 Bc6 31. Qc5 Bxe4+ 32. Kh3 Bf5+ 33.
Kh4 Qf6+ 34. Kh5 Qg5# 0-1

[Event "*** Titled Tuesday 3|2 Blitz"]
[Site "Chess.com"]
[Date "2016.07.05"]
[Round "9"]
[White "GianmarcoVaR"]
[Black "MaestroASK"]
[Result "0-1"]
[WhiteElo "2422"]
[BlackElo "2501"]
[TimeControl "180+2"]
[EndTime "18:54:02 PDT"]
[Termination "MaestroASK won by resignation"]

1. d4 d6 2. c4 g6 3. Nf3 Bg7 4. g3 e5 5. Bg2 f6 6. O-O Nh6 7. Nc3 Nf7 8. e4 c6 9. Be3 Bh6 10.
Bxh6 Nxh6 11. c5 Nf7 12. cxd6 Qxd6 13. dxe5 Qxd1 14. Rfxd1 fxe5 15. Nd2 Be6 16. Nb3 Nd7 17. Rd2 Ke7 18. Na5 Rab8 19. Rad1 Rhc8 20. b4 Rc7 21. Nd5+ cxd5 22. exd5 Bg4 23. f3 Bxf3 24. d6+ Nxd6 25. Bxf3 Nf5 26. Nb3 b6 27. g4 Ng7 28. Bc6 Nf6 29. b5 Ne6 30. h3 Rd8 31. g5 Nh5 32. h4 Rxd2 33. Nxd2 Nd4 34. Nc4 Nxc6 35. bxc6 Rxc6 36.
Nxe5 Rd6 37. Rc1 Ke6 38. Nf3 Rd7 39. Kf2 Nf4 40. Ke3 Nd5+ 41. Ke4 Nb4 42. a3 Na6 43.
Rc6+ Ke7 44. Ne5 Rd1 45. Rf6 Nc5+ 46. Ke3 Re1+ 47. Kd4 Rxe5 48. Kxe5 Nd7+ 0-1

[Event "*** Titled Tuesday 3|2 Blitz"]
[Site "Chess.com"]
[Date "2016.07.05"]
[Round "9"]
[White "Sanan_Sjugirov"]
[Black "Hikaru"]
[Result "0-1"]
[WhiteElo "2689"]
[BlackElo "2984"]
[TimeControl "180+2"]
[EndTime "18:54:11 PDT"]
[Termination "Hikaru won on time"]

1. d4 Nf6 2. Nf3 e6 3. Bg5 h6 4. Bh4 b6 5. Nbd2 Bb7 6. e3 Be7 7. Bd3 g5 8. Bg3 g4 9. Ne5 h5 10. Rg1 d6 11. Nec4 h4 12. Bf4 Rg8 13. Qe2 Nc6 14.
c3 b5 15. Na3 a6 16. e4 e5 17. Be3 d5 18. Nc2 Qd7 19. O-O-O O-O-O 20. f3 Qe6 21. Rge1 gxf3 22. gxf3 dxe4 23. fxe4 exd4 24. cxd4 Qxa2 25. d5 Na5 26. Nd4 Ng4 27. Bf4 Bf6 28. N2f3 Rge8 29. Qc2 Nc4 30. Bxc4 Qxc4 31. Qxc4 bxc4 32. Rd2 Ne5 33.
Nxe5 Bxe5 34. Bxe5 Rxe5 35. Nf3 Rh5 36. Red1 Re8 37.
Rd4 a5 38. Rxc4 Ba6 39. Rc3 Rxe4 40. d6 Rc4 41. Rxc4 Bxc4 42. dxc7 Be2 43. Rd8+ Kxc7 44. Rf8 Bc4 45. Kd2 Bd5 46. Ke3 Rf5 47. Nxh4 Rh5 48. Kd4 Kd7 0-1

[Event "*** Titled Tuesday 3|2 Blitz"]
[Site "Chess.com"]
[Date "2016.07.05"]
[Round "9"]
[White "Zenzo"]
[Black "underdogchss"]
[Result "0-1"]
[WhiteElo "2273"]
[BlackElo "2357"]
[TimeControl "180+2"]
[EndTime "18:54:37 PDT"]
[Termination "underdogchss won by checkmate"]

1. e4 d6 2. d4 Nf6 3. Nc3 g6 4. g3 Bg7 5. Bg2 O-O 6. h3 Na6 7. f4 c6 8. Nf3 b5 9. a3 Nh5 10. g4 Ng3 11. Rh2 d5 12. e5 f6 13. exf6 exf6 14. Be3 Re8 15. Kf2 Bh6 16. Qd2 Ne4+ 17.
Nxe4 dxe4 18. Ng1 Nc7 19. Ne2 Nd5 20. Re1 Qd6 21. Rhh1 a5 22. Rhf1 b4 23. axb4 axb4 24. Kg1 Ba6 25. g5 fxg5 26. fxg5 Bg7 27. c3 bxc3 28.
bxc3 Bc4 29. Bf4 Qd7 30. Qc1 Ra2 31. Ng3 Bxf1 32. Bxf1 e3 33. Bxe3 Qf7 34. Bg2 Rf8 35.
Bxd5 Qxd5 36. Re2 Rxe2 37. Nxe2 Qf3 38. Qd2 Qf1+ 39. Kh2 Rf3 40. Ng3 Qc4 41. Bf4 Qf7 42. Bb8 Bf8 43. Nh1 Qf5 44. Bg3 Bd6 45. Bxd6 Qxh3+ 46. Kg1 Rf1# 0-1

[Event "*** Titled Tuesday 3|2 Blitz"]
[Site "Chess.com"]
[Date "2016.07.05"]
[Round "9"]
[White "RobertoJBM"]
[Black "Viaje"]
[Result "0-1"]
[WhiteElo "2278"]
[BlackElo "2187"]
[TimeControl "180+2"]
[EndTime "18:54:45 PDT"]
[Termination "Viaje won on time"]

1. d4 Nf6 2. c3 d5 3. Bg5 Ne4 4. Bf4 c5 5. e3 Nc6 6. Nd2 Bf5 7. Nxe4 Bxe4 8. Qb3 Qb6 9. dxc5 Qxb3 10. axb3 e5 11. Bg3 Bxc5 12. Nf3 f6 13. Nd2 Bf5 14. b4 Bb6 15. Nb3 h5 16. h3 h4 17. Bh2 Ke7 18. Be2 a5 19. bxa5 Nxa5 20. Nxa5 Bxa5 21. O-O Bc7 22. Rfd1 Be6 23. Bf3 Rhd8 24. Kf1 Rxa1 25. Rxa1 Bb6 26. Ra4 g5 27. Ke1 Kd6 28. Kd2 Kc7 29.
Be2 Kc6 30. Bf3 Kb5 31. Rb4+ Kc5 32. Bg1 Ra8 33. Bd1 Ra1 34. e4 d4 35. f3 Kc6 36.
Rxb6+ Kxb6 37. cxd4 Kc6 38. d5+ Bxd5 39. exd5+ Kxd5 40. Be3 Rb1 41. Bb3+ Kd6 42. Kc3 Re1 43. Kd3 Rb1 44.
Kc2 Re1 45. Kd2 Rb1 46. Bc2 Rxb2 47. Kc3 Rb5 48. Bb3 Ra5 49. Kb4 Ra1 50. Bc5+ Kd7 51. Bd5 b6 52. Bxb6 Rb1+ 53. Ka5 Rb2 0-1

[Event "*** Titled Tuesday 3|2 Blitz"]
[Site "Chess.com"]
[Date "2016.07.05"]
[Round "9"]
[White "anon97531"]
[Black "Ksenia_Legenko"]
[Result "0-1"]
[WhiteElo "2255"]
[BlackElo "2081"]
[TimeControl "180+2"]
[EndTime "18:55:05 PDT"]
[Termination "Ksenia_Legenko won by resignation"]

1. e4 c6 2. d4 d5 3. Nc3 dxe4 4. Nxe4 Bf5 5. Ng3 Bg6 6. Nf3 e6 7. h4 h6 8. Ne5 Ne7 9. Nxg6 Nxg6 10. h5 Ne7 11. c3 Nd7 12. Bd3 Nd5 13. Qf3 Qf6 14. Qxf6 N7xf6 15. Ne4 Nxe4 16. Bxe4 Bd6 17. g3 O-O 18. f4 Nf6 19. Bf3 Rad8 20. a3 Rd7 21.
Kf2 c5 22. Be3 cxd4 23. Bxd4 Be7 24. Rad1 Rfd8 25. Bxa7 Rd2+ 26. Ke1 Rxb2 27. Rxd8+ Bxd8 28. Bd4 Ra2 29. Bd1 Nd5 30. a4 Ba5 31. Be2 Bxc3+ 32. Bxc3 Nxc3 33. Bf1 Nxa4 34. g4 f6 35. Rh3 Nc5 36.
Rc3 b6 37. Rc4 Ra4 38. Rc3 Rxf4 39. Be2 Kf7 40. Rc1 Rb4 41. Ra1 f5 42. Ra7+ Kf6 43. gxf5 exf5 44. Ra8 Nd7 45. Ra7 Ne5 46. Ra8 g6 47. Rf8+ Kg7 48. Re8 Rb1+ 49. Kd2 Nf7 50.
Re7 Kf6 51. Rb7 g5 52. Kc2 Rb4 53. Kc3 Re4 54. Rxb6+ Re6 55. Rb5 Rxe2 0-1

[Event "*** Titled Tuesday 3|2 Blitz"]
[Site "Chess.com"]
[Date "2016.07.05"]
[Round "9"]
[White "IamSchrodingersCat"]
[Black "GeorgMeier"]
[Result "1/2-1/2"]
[WhiteElo "2248"]
[BlackElo "2627"]
[TimeControl "180+2"]
[EndTime "18:55:28 PDT"]
[Termination "Game drawn - insufficient material"]

1. e4 e6 2. d4 d5 3. Nc3 dxe4 4. Nxe4 Nd7 5. Nf3 Ngf6 6. Bg5 h6 7. Bh4 Be7 8. Nxf6+ Bxf6 9. Bxf6 Nxf6 10. Bd3 c5 11. dxc5 Qa5+ 12. Qd2 Qxc5 13. O-O O-O 14. Qe2 b6 15. c3 Bb7 16. Rad1 Rfd8 17. Bc2 Rac8 18. Rxd8+ Rxd8 19. Rd1 Rd5 20. a3 Kf8 21. Nd4 Re5 22. Qd2 Rg5 23. f3 Rd5 24. Qf2 g6 25. Nb3 Qxf2+ 26.
Kxf2 Ke7 27. Rxd5 Bxd5 28. Nd4 e5 29. Ne2 Ne8 30. Bd3 Nd6 31. Ke3 Ke6 32. g3 f5 33. f4 g5 34. b4 Bc4 35. fxe5 Kxe5 36.
Nd4 Bxd3 37. Kxd3 Kd5 38. c4+ Nxc4 39. Nxf5 Ne5+ 40. Kc3 h5 41. h4 g4 42. Ng7 Ke4 43.
Nxh5 Kf3 44. Kd4 Ng6 45. Kd5 Ne7+ 46. Ke6 Nc6 47. Nf6 Kxg3 48. h5 Nd4+ 49. Kd5 Nf5 50. Nxg4 Kxg4 51. h6 Nxh6 52. Kc6 Nf5 53. Kb7 b5 54.
Kxa7 Kf4 55. Ka6 Nd4 56. Ka5 Ke4 57. a4 bxa4 58. Kxa4 Kd5 59. b5 Kc5 60. b6 Kxb6 1/2-1/2

[Event "*** Titled Tuesday 3|2 Blitz"]
[Site "Chess.com"]
[Date "2016.07.05"]
[Round "9"]
[White "simplerXiao"]
[Black "proxy6"]
[Result "0-1"]
[WhiteElo "2273"]
[BlackElo "1966"]
[TimeControl "180+2"]
[EndTime "18:55:32 PDT"]
[Termination "proxy6 won by resignation"]

1. Nf3 Nf6 2. b4 e6 3. a3 d5 4. Bb2 Be7 5. e3 O-O 6. c4 a5 7. b5 c6 8. Be2 Bd7 9. a4 b6 10. Ne5 Ra7 11. O-O Bd6 12. f4 cxb5 13. cxb5 Qe7 14.
Bd3 Ne4 15. Nc3 Nc5 16. Bc2 f6 17. Nxd7 Nbxd7 18. d4 Nb7 19. Bb3 Nd8 20. e4 dxe4 21.
f5 Kh8 22. Nxe4 exf5 23. Nxd6 Qxd6 24. Rxf5 Re8 25. Rh5 Ne6 26. Qd3 Ndf8 27. Ba3 Qxd4+ 28. Qxd4 Nxd4 29. Bd5 Ne2+ 30. Kf2 Nf4 31. Rf5 N8g6 32. Bf3 Nd3+ 33. Kg3 Nge5 34. Be4 Rc7 35. Bd6 Rc3 36. Ra3 Rec8 37. Kh4 g5+ 38. Kh5 Nf4+ 39. Rxf4 gxf4 40.
Ra1 Kg7 41. Bf5 Rd8 42. Be7 Re8 43. Ba3 Nc4 44. Bc1 Re5 45. Kg4 Ne3+ 46. Bxe3 fxe3 47. Re1 e2 48. Bd7 Ra3 49. h4 Rxa4+ 50. Kf3 Ra3+ 51.
Kf4 Rb3 52. g4 Rb4+ 53. Kf3 a4 54. h5 a3 55. Bf5 a2 56. Rc1 Rc5 57. Re1 Ra4 58. Rxe2 Re5 59. Rc2 a1=Q 60. Rc7+ Kf8 61. Rc8+ Ke7 62. Rc7+ Kd6 63. Rc6+ Kd5 64. Bd3 Qd4 65.
Bc4+ Rxc4 0-1

[Event "*** Titled Tuesday 3|2 Blitz"]
[Site "Chess.com"]
[Date "2016.07.05"]
[Round "9"]
[White "EltajSafarli"]
[Black "Evgeny_Levin"]
[Result "1-0"]
[WhiteElo "2820"]
[BlackElo "2643"]
[TimeControl "180+2"]
[EndTime "18:55:36 PDT"]
[Termination "EltajSafarli won on time"]

1. e4 c5 2. Nf3 d6 3. d4 cxd4 4. Nxd4 Nf6 5. Nc3 a6 6. Bg5 e6 7. f4 h6 8. Bh4 Qb6 9. Qd3 Qxb2 10. Rb1 Qa3 11. f5 Be7 12. fxe6 fxe6 13. Be2 O-O 14.
O-O Nbd7 15. Nd5 Qxd3 16. Nxe7+ Kf7 17. cxd3 Kxe7 18. Rfc1 g5 19. Be1 Ne8 20. h4 Ne5 21.
hxg5 hxg5 22. Bd2 Rg8 23. Rb6 Nd7 24. Rb2 Ne5 25. a4 Rb8 26. a5 Bd7 27. Rb6 Kd8 28. Rcb1 Kc7 29. Rc1+ Kd8 30. Rcb1 Kc7 31. Be3 Rg7 32.
Bh5 Nf6 33. Rc1+ Kd8 34. Be2 Nf7 35. Rcb1 e5 36. Nc2 Rc8 37. Nb4 Rc7 38. Rf1 Rg6 39. d4 Be6 40. dxe5 Nxe5 41. Rxd6+ Ke7 42. Rd4 Rg8 43. Nd5+ Bxd5 44. exd5 Rc2 45. d6+ Kd8 46. Bxa6 bxa6 47. Rxf6 Kd7 48. Rb4 Nc4 49. Rb7+ Kc6 50.
Rc7+ Kd5 51. Rc5+ Ke4 52. Re6+ Kd3 53. d7 Nxe3 54. Rxc2 Kxc2 55. Re8 Rg6 56. d8=Q Nc4 57. Re2+ Kc3 58. Qh8+ Kb4 59. Qf8+ Kb5 60. Qf5+ Kc6 61.
Qxg6+ Kb7 62. Re7+ Ka8 63. Qxa6+ Kb8 64. Qxc4 1-0

[Event "*** Titled Tuesday 3|2 Blitz"]
[Site "Chess.com"]
[Date "2016.07.05"]
[Round "9"]
[White "jcibarra"]
[Black "FairChess_on_YouTube"]
[Result "1/2-1/2"]
[WhiteElo "2660"]
[BlackElo "2717"]
[TimeControl "180+2"]
[EndTime "18:56:17 PDT"]
[Termination "Game drawn by repetition"]

1. e4 e5 2. Nf3 Nc6 3. Bb5 Nf6 4.
O-O Nxe4 5. Re1 Nd6 6. Nxe5 Be7 7. Bf1 Nf5 8. c3 Nxe5 9. Rxe5 d5 10. d4 c6 11. Nd2 O-O 12. Nf3 Bd6 13. Re1 Nh4 14. Nxh4 Qxh4 15. g3 Qf6 16. Bg2 Bf5 17. Qf3 Rae8 18.
Bd2 Qg6 19. Rxe8 Rxe8 20. Re1 Rxe1+ 21. Bxe1 h5 22. Qe2 h4 23. Bf3 Kh7 24. Bh5 Qf6 25.
Bd2 g6 26. Bf3 Kg7 27. Qe3 Be6 28. Be2 hxg3 29. hxg3 Bf5 30. Kg2 Be4+ 31. f3 Bf5 32.
Qh6+ Kg8 33. Qg5 Qe6 34. Qe3 Qd7 35. Be1 Bh3+ 36. Kh2 b6 37. Qh6 Qe6 38. Qd2 Bf5 39. Bf2 Qf6 40. Kg2 g5 41. Be3 Qh8 42. Bf2 f6 43. Kg1 Kf7 44. Bf1 Qb8 45. Qe1 c5 46.
Bb5 Qc7 47. Qe8+ Kg7 48. Kg2 cxd4 49. cxd4 g4 50. Be2 Qc2 51. fxg4 Be4+ 52. Bf3 Qd3 53. Bxe4 dxe4 54. Qd7+ Kg6 55. Qxd6 Qf3+ 56. Kg1 e3 57.
Be1 Qe2 58. Bc3 Qd1+ 59. Kg2 Qe2+ 60. Kg1 Qf2+ 61. Kh1 Qf1+ 62. Kh2 Qf2+ 63. Kh1 Qf3+ 64. Kh2 Qe2+ 65. Kh3 Qf1+ 66. Kh2 Qe2+ 67. Kh3 Qf1+ 68.
Kh2 Qe2+ 69. Kg1 Qf2+ 70. Kh1 Qf1+ 71. Kh2 Qf2+ 72. Kh1 Qf3+ 73. Kg1 Qf2+ 74. Kh1 1/2-1/2

[Event "*** Titled Tuesday 3|2 Blitz"]
[Site "Chess.com"]
[Date "2016.07.05"]
[Round "9"]
[White "DanielNaroditsky"]
[Black "SavelijTartakover"]
[Result "1-0"]
[WhiteElo "2677"]
[BlackElo "2515"]
[TimeControl "180+2"]
[EndTime "18:57:26 PDT"]
[Termination "DanielNaroditsky won by resignation"]

1. d4 Nf6 2. Nc3 d5 3. Bf4 e6 4.
e3 Bb4 5. Bd3 b6 6. Ne2 Ba6 7.
O-O Bxd3 8. cxd3 Bd6 9. e4 Bxf4 10.
Nxf4 O-O 11. Qf3 Nc6 12. e5 Nxd4 13. Qe3 Nf5 14. Qh3 Nd7 15. Rfe1 Nd4 16. Rac1 c6 17. Qe3 c5 18. Kh1 Qg5 19. Nfxd5 Qxe3 20. Ne7+ Kh8 21.
fxe3 Rfe8 22. exd4 Rxe7 23. Nb5 h6 24. b4 Rc8 25.
Nxa7 Ra8 26. Nc6 Ree8 27. dxc5 bxc5 28. bxc5 Rec8 29. Nb4 Rxc5 30. Rxc5 Nxc5 31. d4 Na4 32. Rc1 Rd8 33. Nc6 Rc8 34. Rc2 Nb6 35. Kg1 Ra8 36.
Rb2 Na4 37. Rb3 Rc8 38. Nb4 Rc4 39. d5 exd5 40. Nxd5 Rc5 41. Nb4 Rxe5 42. Kf2 Nc5 43. Re3 Rf5+ 44. Ke2 Kg8 45. Nc6 Kh7 46. Re5 Rxe5+ 47.
Nxe5 f6 48. Nd3 Na4 49. Ke3 Kg6 50. Kd4 Kf5 51. Nc5 Nb6 52. a4 Nc8 53. a5 h5 54.
a6 h4 55. Kd5 Na7 56. Kd6 h3 57. gxh3 Kg6 58. Kc7 f5 59. Kb6 Nc8+ 60. Kc7 Na7 61. Ne6 Kf6 62. Nd4 f4 63. Kb6 Nc8+ 64. Kc7 Na7 65. Kb7 Nb5 66. Nxb5 f3 67. Nc3 Ke5 68.
a7 f2 69. a8=Q f1=Q 70. Qe8+ Kd4 71. Ne2+ Kd3 72. Ng3 Qg2+ 73. Qc6 Qb2+ 74. Kc8 Qxh2 75.
Qd5+ Kc2 76. Qc4+ Kb1 77. Qb3+ Ka1 78. Qc3+ Kb1 79. Ne4 g5 80. Nd2+ 1-0

[Event "*** Titled Tuesday 3|2 Blitz"]
[Site "Chess.com"]
[Date "2016.07.05"]
[Round "9"]
[White "TyIerDurden"]
[Black "ZapataCharlesS"]
[Result "0-1"]
[WhiteElo "2448"]
[BlackElo "2502"]
[TimeControl "180+2"]
[EndTime "18:57:33 PDT"]
[Termination "ZapataCharlesS won by resignation"]

1. Nf3 d5 2. g3 Nc6 3. Bg2 e5 4. d3 f6 5. Nbd2 Be6 6. O-O Qd7 7. b3 h5 8. c4 g5 9. cxd5 Bxd5 10. h4 O-O-O 11.
Bb2 Bc5 12. Rc1 Bb6 13. a4 Nh6 14. Nc4 gxh4 15. Nxh4 Bxg2 16. Kxg2 Rdg8 17. Nxb6+ axb6 18. Rh1 Ne7 19. d4 e4 20. e3 Nhf5 21. Qe2 Nxh4+ 22. Rxh4 Nf5 23. Rf4 h4 24. Rh1 hxg3 25. Qg4 gxf2 26.
Kxf2 Nd6 27. Qxd7+ Kxd7 28. Rxh8 Rxh8 29. Ba3 Rh2+ 30. Kg3 Re2 31. Bxd6 cxd6 32. Rxe4 Rb2 33. Kg4 d5 34. Rf4 Ke6 35. Kf3 Rxb3 36. Rh4 Rb4 37. Rh7 Rxa4 38. Rxb7 Rb4 39. Rb8 Rb1 40. e4 dxe4+ 41. Kxe4 f5+ 42. Kd3 b5 43. Kc2 Rb4 44.
Kc3 Rb1 45. Kc2 Rb4 46. Kc3 Rc4+ 47. Kd3 Rb4 48. Kc3 Rb1 49. Kc2 Rb4 50. Kc3 Rc4+ 51.
Kd3 Ra4 52. Rb6+ Ke7 53. Rxb5 Ke6 54. Ke3 Kf6 55. Rb8 Ra1 56. Kf4 Rf1+ 57. Ke3 Re1+ 58. Kf4 Re4+ 59. Kf3 Rxd4 60. Rf8+ Kg6 61. Rg8+ Kf7 62.
Rb8 Kf6 63. Rf8+ Kg6 64. Rg8+ Kh6 65. Rh8+ Kg7 66. Rb8 Kg6 67. Rg8+ Kf6 68. Rf8+ Ke5 69. Re8+ Kf6 70. Rf8+ Kg6 71. Rg8+ Kf7 72. Rb8 Ra4 73. Rb6 Kg7 74. Rd6 Kf7 75. Rb6 Re4 76. Rc6 Rd4 77.
Rb6 Ra4 78. Rc6 Ke7 79. Rb6 Rh4 80. Rc6 Re4 81. Rb6 Re6 82. Rxe6+ Kxe6 83. Kf4 Kf6 84. Kf3 Ke5 85. Ke3 Ke6 86. Kf4 Kf6 87. Ke3 Kg5 88. Kf3 Kh5 89. Kf4 Kg6 90. Kf3 Kg5 91. Kg3 f4+ 92.
Kf3 Kf5 93. Ke2 Ke5 94. Kf3 Kf5 95. Ke2 Ke4 96. Kf2 f3 97. Ke1 Ke3 98. Kf1 Kf4 99. Kf2 Ke4 100. Ke1 Ke3 101. Kf1 f2 0-1